 Dungeon Sprint DCSS version 0.32-a0-720-g1d96ad090f (webtiles) character file.

Game seed: 13030715885606428596

255 Conn the Martial Artist (level 6, -3/67 HPs)
             Began as an Octopode Fire Elementalist on Mar 16, 2024.
             Killed by psychic fangs
             ... invoked by a neqoxec
              (12 damage)
             ... in the Dungeon (Sprint II: "The Violet Keep of Menkaure").
             The game lasted 00:02:41 (19 turns).

Conn the Martial Artist (Octopode Fire Elementalist)  Turns: 19, Time: 00:02:41

Health: -3/67      AC:  1    Str:  9    XL:     6   Next: 15%
Magic:  2/12       EV: 12    Int: 18    God:
Gold:   0          SH:  0    Dex: 12    Spells: 12/13 levels left

rFire   . .          .
                       - Unarmed
rCold   . . .        (no shield)
rNeg    . . .        (helmet restricted)
rPois   .            (no amulet)
rElec   .            (no ring)
rCorr   .            (no ring)
SInv    .            (no ring)
Will    .....        (no ring) Stlth
                     (no ring)
HPRegen 0.31/turn    (no ring)
MPRegen 0.13/turn    (no ring)
                     (no ring)

%: no teleportation
@: berserking (expiring), hasted, very quick
A: almost no armour, amphibious, 8 rings, camouflage 1, gelatinous body 1,
(nimble swimmer 1), tentacles, inability to drink after injury 1
a: no special abilities


You were in the Dungeon.
You visited 1 branch

Inventory:

Scrolls
 f - a scroll of blinking
Potions
 a - 3 potions of magic
 b - a potion of curing
 c - a potion of heal wounds


   Skills:
 - Level 5.5 Fighting
 + Level 3.3 Dodging
 - Level 6.0 Stealth
 - Level 8.0 Unarmed Combat
 * Level 4.0 Spellcasting
 * Level 3.9 Conjurations
 - Level 3.0 Fire Magic


You had 12 spell levels left.
You knew the following spells:

 Your Spells              Type           Power      Damage    Failure   Level
a - Foxfire               Conj/Fire      64%        2x1d7     3%          1

Your spell library contained the following spells:

 Spells                   Type           Power      Damage    Failure   Level
 Scorch                   Fire           28%        2d6       6%          2
 Inner Flame              Hex/Fire       9%         N/A       24%         3
 Volatile Blastmotes      Fire/Tloc      18%        2d11      24%         3
 Flame Wave               Conj/Fire      16%        2d7       34%         4


Dungeon Overview and Level Annotations

Branches:
Dungeon (1/1)

Altars:


Innate Abilities, Weirdness & Mutations

You cannot wear most types of armour.
You are amphibious.
You can wear up to eight rings at the same time.
Your skin changes colour to match your surroundings (Stealth+).
Your rubbery body absorbs attacks. (AC +1, EV +1)
((You are camouflaged when in or above water. (Stealth+)))
You have tentacles for arms and can constrict up to eight enemies at once.
You occasionally lose the ability to drink potions when taking damage.


Message History

Increase (S)trength, (I)ntelligence, or (D)exterity?
You feel stronger. x2
You have reached level 4!
You have reached level 5!
You feel clever.
You tentacle-slap the neqoxec. You grab the neqoxec.
The neqoxec is lightly wounded.
You constrict the neqoxec. You tentacle-slap the neqoxec.
You tentacle-slap the neqoxec!
The neqoxec is severely wounded.
You constrict the neqoxec. The neqoxec closely misses you.
You tentacle-slap the neqoxec but do no damage.
The neqoxec is almost dead.
You constrict the neqoxec. The neqoxec closely misses you.
The neqoxec gestures at you. Something gnaws on your mind!
* * * LOW HITPOINT WARNING * * *
You feel your power leaking away.
You bludgeon the neqoxec!
You kill the neqoxec!
Training target 8.0 for Unarmed Combat reached!
Your Dodging skill increases to level 3!
Your Stealth skill gained 4 levels and is now at level 6!
Your Unarmed Combat skill increases to level 8!
Your Spellcasting skill gained 2 levels and is now at level 4!
Your Conjurations skill gained 2 levels and is now at level 3!
You have reached level 6!
You slam the door shut with a bang!
A neqoxec breaks down the door.
You bludgeon the neqoxec! Your grab misses the neqoxec.
The neqoxec is moderately wounded.
You barely miss the neqoxec. You grab the neqoxec.
The neqoxec is moderately wounded.
You constrict the neqoxec. The neqoxec misses you.
You bludgeon the neqoxec! You tentacle-slap the neqoxec.
The neqoxec is almost dead.
You constrict the neqoxec. The neqoxec gestures at you.
Something gnaws heavily on your mind!
You die...

# #+# .#
##.##.#
+.<@33#
##.##..#
#+# .#
.#. # k#
#k ## ##


You could see 2 neqoxecs.

Vanquished Creatures
  2 neqoxecs (D)
2 creatures vanquished.

Notes
Turn   | Place    | Note
-------+----------+-------------------------------------------
     0 | D        | Conn the Octopode Fire Elementalist began the quest for the
                  | Orb.
     0 | D        | Reached XP level 1. HP: 11/11 MP: 3/3
     2 | D        | Noticed a wyvern
     2 | D        | Noticed a wyvern
     5 | D        | Noticed a neqoxec
     5 | D        | Noticed a neqoxec
     5 | D        | Noticed a neqoxec
     5 | D        | Noticed a neqoxec
    10 | D        | Gained mutation: You occasionally lose the ability to drink
                  | potions when taking damage. [a neqoxec]
    11 | D        | Killed a neqoxec
    12 | D        | Reached skill level 5 in Fighting
    12 | D        | Reached skill level 7 in Unarmed Combat
    12 | D        | Reached XP level 2. HP: 7/24 MP: 3/5
    12 | D        | Reached XP level 3. HP: 8/29 MP: 3/6
    12 | D        | Reached XP level 4. HP: 10/35 MP: 3/7
    12 | D        | Reached XP level 5. HP: 11/39 MP: 3/8
    15 | D        | Killed a neqoxec
    16 | D        | Reached skill level 8 in Unarmed Combat
    16 | D        | Reached XP level 6. HP: 8/45 MP: 2/12
    19 | D        | Killed from afar by a neqoxec

Illustrated notes

Levels and vault maps discovered:
D:        the_violet_keep_of_menkaure [sprint2_stairs_cluster_1,
          sprint2_shoproom, sprint2_temple, sprint2_basic_supplies,
          sprint2_obstacle_3, sprint2_obstacle_7, sprint2_obstacle_6,
          sprint2_obstacle_1, sprint2_obstacle_4, sprint2_timed_cluster_1,
          sprint2_smallroom_cluster_1, sprint2_smallroom_final_cluster_1,
          sprint2_transparent_cluster_1, sprint2_second_timed_cluster_1,
          sprint2_sniper_area_1, sprint2_heavy_combat_area_1,
          sprint2_mutation_trap_area_1, sprint2_forest_area_1,
          sprint2_light_combat_area_1, sprint2_behind_water_1,
          sprint2_near_end_vault_1]

Skill      XL: |  1  2  3  4  5 |
---------------+----------------+-----
Fighting       | 5 |  5.5
Unarmed Combat | 7 8 |  8.0
Dodging        | 3 |  3.3
Stealth        | 6 |  6.0
Spellcasting   | 4 |  4.0
Conjurations   | 3 |  3.9
Fire Magic     | |  3.0

Action                     |  1- 3 |  4- 6 || total
---------------------------+-------+-------++-------
  Melee: Unarmed           |     5 |     7 ||    12
         Tentacles         |     3 |       ||     3
         Constrict         |     1 |     2 ||     3
         Punch             |       |     2 ||     2
    Use: Potion            |     2 |       ||     2
 Armour: Skin              |     1 |       ||     1
  Dodge: Dodged            |     1 |     3 ||     4

Table legend: (Time is in decaauts)
 A = Elapsed time spent in this place.
 B = Non-inter-level travel time spent in this place.
 C = Inter-level travel time spent in this place.
 D = Time resting spent in this place.
 E = Time spent auto-exploring this place.
 F = Levels seen in this place.
 G = Mean time per level.
                   A        B        C        D        E       F      G
               +--------+--------+--------+--------+--------+-----+--------+
         Total |     12 |     12 |      0 |      0 |      0 |   1 |   12.0 |
       Dungeon |     12 |     12 |      0 |      0 |      0 |   1 |   12.0 |
               +--------+--------+--------+--------+--------+-----+--------+

Top non-repeatable levels by time:
       D: 12 daAuts
